 Dungeon Crawl Stone Soup version 0.22-a0-456-g11ed031617 (webtiles) character file.

53 RedPan the Ducker (level 3, -3/15 HPs)
             Began as a Felid Air Elementalist on June 7, 2018.
             Killed from afar by a white imp (10 damage)
             ... with a puff of frost
             ... summoned by Natasha
             ... on level 2 of the Dungeon.
             The game lasted 00:04:12 (1657 turns).

RedPan the Ducker (Felid Air Elementalist)          Turns: 1657, Time: 00:04:13

Health: -3/15      AC:  1    Str:  4    XL:     3   Next: 62%
Magic:  0/7        EV: 19    Int: 17    God:
Gold:   91         SH:  0    Dex: 16    Spells: 3/6 levels left
                                        Lives:  0   Deaths: 0

rFire    . . .     SeeInvis +   (weapon unavailable)
rCold    . . .     Gourm    .   (shield unavailable)
rNeg     . . .     Faith    .   (armour unavailable)
rPois    .         Spirit   .   (helmet unavailable)
rElec    .         Reflect  .   (cloak unavailable)
rCorr    .         Harm     .   (gloves unavailable)
MR       .....                  (boots unavailable)
Stlth    +++.......             (no amulet)
HPRegen  0.05/turn              f - ring of flight
MPRegen  0.10/turn              (no ring)

@: slowed, slow
A: very small, no armour, no weapons or thrown items, stealth, claws 1, fangs 3,
see invisible, carnivore, speed 1, shaggy fur 1, slow metabolism 1, sharp paws
a: Evoke Flight


You were on level 2 of the Dungeon.
You were very full.

You visited 1 branch of the dungeon, and saw 2 of its levels.

You collected 91 gold pieces.

Inventory:

Jewellery
 f - a ring of flight (left paw)
Scrolls
 a - a scroll of fog {unknown}
 c - a scroll of identify {unknown}
 e - a scroll of amnesia {unknown}
 h - a scroll of remove curse {unknown}
Potions
 d - a potion of curing {unknown}
 g - a potion of might {unknown}
Comestibles
 b - 5 rations


   Skills:
 + Level 0.5 Fighting
 + Level 3.5 Dodging
 - Level 2.6 Stealth
 + Level 2.4 Spellcasting
 + Level 1.5 Conjurations
 * Level 3.2 Air Magic


You had 3 spell levels left.
You knew the following spells:

 Your Spells              Type           Power        Failure   Level  Hunger
a - Shock                 Conj/Air       ##..         7%          1    #......
b - Swiftness             Chrm/Air       #.......     14%         2    ##.....

Your spell library contained the following spells:

 Spells                   Type           Power        Failure   Level  Hunger
 Lightning Bolt           Conj/Air       ##........   88%         5    ######.
 Airstrike                Air            ##........   45%         4    #####..
 Static Discharge         Conj/Air       ##......     21%         3    ###....


Dungeon Overview and Level Annotations

Branches:
Dungeon (2/15)

Altars:
Cheibriados

Annotations:
D:2 Natasha


Innate Abilities, Weirdness & Mutations

You cannot wear armour.
You are incapable of wielding weapons or throwing items.
Your paws allow you to move quietly. (Stealth)
You have sharp claws.
You have razor-sharp teeth.
You have supernaturally acute eyesight. (SInv)
You are carnivorous and can eat meat at any time.
You cover ground quickly.
You are covered in fur. (AC +1)
You have a slow metabolism.
Your sharp claws are effective at attacking unaware monsters.


Message History

Press: ? - help, Shift-Dir - straight line, f/p - Natasha
Aim: Natasha (heavily wounded)
The zap misses the shadow imp.
The zap hits the white imp.
The white imp appears unharmed.
The zap hits Natasha.
Natasha is severely wounded.
The zap hits Natasha.
Natasha is almost dead.
Natasha casts a spell.
The white imp shouts, "Take thy face hence, thou skyhacking ruttish lewdster!"
The shadow imp gestures at you.
You barely resist.
The crimson imp blinks!
Natasha mumbles some strange words.
Natasha shimmers violently.
You see here a giant cockroach corpse.
You butcher the giant cockroach corpse.
The white imp gestures at you. The puff of frost hits you!
Ouch! That really hurt!
You die...

#..# #..#
#?.### #....
#...# # #.>.# #
#...###### ##
#.@....... .#
#.#####55.#####
.#
#........h.....
.#
#.####......###
.#
#...........###
# .#
#.##.#........#
.. .##
#.#.÷....§.##†.
<.#
#(..5..........
#.#
#####......##


You could see Natasha, a crimson imp, a white imp and a shadow imp.

Vanquished Creatures
  A worm (D:2)
  4 dart slugs
  2 giant cockroaches (D:2)
  4 goblins
  9 hobgoblins
  2 jackals (D:2)
  A quokka (D:2)
  A ball python (D:2)
  6 bats
  2 frilled lizards (D:2)
  4 kobolds
  3 rats
39 creatures vanquished.

Notes
Turn   | Place    | Note
-------+----------+-------------------------------------------
     0 | D:1      | RedPan the Felid Air Elementalist began the quest for the Orb.
     0 | D:1      | Reached XP level 1. HP: 7/7 MP: 4/4
   305 | D:1      | Reached skill level 1 in Conjurations
   428 | D:1      | Reached XP level 2. HP: 11/11 MP: 0/6
   574 | D:1      | Found a snail-covered altar of Cheibriados.
  1129 | D:2      | Learned a level 2 spell: Swiftness
  1150 | D:2      | Reached XP level 3. HP: 14/14 MP: 1/7
  1634 | D:2      | Noticed Natasha
  1657 | D:2      | Killed from afar by a white imp

Vault maps used:
D:1:      minmay_arrival_stone_box, cheibriados_altar_1
D:2:      supply_closet_lemuel, uniq_natasha

Skill      XL: |  1  2 |
---------------+-------+-----
Conjurations   | 1 |  1.5
Dodging        | 3 |  3.5
Air Magic      | 3 |  3.2
Fighting       | |  0.5
Stealth        | |  2.6
Spellcasting   | |  2.4

Action                   || total
-------------------------++-------
Melee: Unarmed           ||    18
       Bite              ||     2
 Cast: Shock             ||    85
  Eat: Chunk             ||     8
Armor: Skin              ||     3
Dodge: Dodged            ||    30

Table legend:
 A = Spawn XP
 B = Non-spawn XP
 C = Spawn XP percentage of total XP
 D = Spawn monster count
 E = Non-spawn monster count
 F = Spawn count percentage of total count
 G = Total turns spent on level
                    A         B        C        D         E        F      G
               +---------+---------+-------+---------+---------+-------+---------
         Total |       0 |      76 |   0.0 |       0 |      39 |   0.0 |  1657
               +---------+---------+-------+---------+---------+-------+---------
           D:1 |       0 |      37 |   0.0 |       0 |      18 |   0.0 |  1118
           D:2 |       0 |      39 |   0.0 |       0 |      21 |   0.0 |   539
               +---------+---------+-------+---------+---------+-------+---------
